 Dungeon Crawl Stone Soup version 0.31-a0-1352-gc98d92de7d (webtiles) character file.

Game seed: 1615007659432248722

121 Armakuni the Conjurer (level 5, -2/45 HPs)
             Began as an Oni Conjurer on Dec 22, 2023.
             Slain by Ijyb
             ... wielding a +0 dagger of distortion
              (4 damage)
             ... on level 3 of the Dungeon.
             The game lasted 00:09:34 (2089 turns).

Armakuni the Conjurer (Oni Conjurer)                Turns: 2089, Time: 00:09:34

Health: -2/45      AC:  3    Str: 11    XL:     5   Next: 5%
Magic:  7/10       EV:  9    Int: 21    God:
Gold:   96         SH:  0    Dex:  7    Spells: 5/11 levels left

rFire   + . .        a - +8 trident of the Octopus King {venom, rElec rPois}
rCold   x . .        (no shield)
rNeg    . . .        j - +0 robe
rPois   +            (helmet currently unavailable)
rElec   +            (cloak currently unavailable)
rCorr   .            (gloves unavailable)
SInv    .            (boots unavailable)
Will    .....        (no amulet)
Stlth   +            F - ring of fire
HPRegen 0.27/turn    (no ring)
MPRegen 0.12/turn

%: no passive effects
@: beast-form
A: beast (slay +0), large, unfitting armour, horns 1, tough skin 1, double
potion healing, drunken brawling
a: Begin Untransformation


You were on level 3 of the Dungeon.
You were a hulking beast.
You visited 1 branch of the dungeon, and saw 3 of its levels.

You collected 96 gold pieces.

Inventory:

Hand Weapons
 a - the +8 trident of the Octopus King (weapon) {venom, rElec rPois}
   (You took it off a kobold on level 3 of the Dungeon)

   rElec:     It insulates you from electricity.
   rPois:     It protects you from poison
Armour
 d - an orb of wrath
 j - a +0 robe (worn)
Magical Staves
 o - a staff of earth
Jewellery
 F - a ring of fire (left hand)
Talismans
 p - a beast talisman (active)
Scrolls
 g - a scroll of poison
 h - a scroll of silence
 l - a scroll of noise
 n - a scroll of fog
 X - a scroll of brand weapon
Potions
 b - a potion of magic
 c - a potion of degeneration {unknown}
 e - 3 potions of curing
 f - 2 potions of invisibility {unknown}
 k - a potion of ambrosia {unknown}
 m - a potion of haste {unknown}


   Skills:
 - Level 1.7 Dodging
 - Level 1.4 Stealth
 + Level 3.8 Spellcasting
 * Level 5.0 Conjurations


You had 5 spell levels left.
You knew the following spells:

 Your Spells              Type           Power      Damage    Failure   Level
m - Iskenderun's Mystic   Conj/Tloc      14%        2d5       41%         4
z - Searing Ray           Conj           50%        2d6       2%          2

Your spell library contained the following spells:

 Spells                   Type           Power      Damage    Failure   Level
 Magic Dart               Conj           100%       1d8       1%          1
 Fulminant Prism          Conj/Alch      7%         3d7       41%         4


Dungeon Overview and Level Annotations

Branches:
Dungeon (3/15)

Altars:

Annotations:
D:3 Ijyb


Innate Abilities, Weirdness & Mutations

You are a hulking beast.
Your limbs bulge with bestial killing power. (Slay +0)
You are too large for most types of armour.
You have a pair of small horns on your head.
You have tough skin. (AC +1)
You gain doubled healing and magic from potions.
Whenever you drink a healing potion, you attack all around you.


Message History

Adjust to which letter? m - Iskenderun's Mystic Blast You now have 96 gold pieces (gained 9).
You see here a +1 sling.
Things that are here:
4 stones; a kobold corpse Ijyb the Twisted Goblin comes into view.
She is wielding a +0 dagger of distortion and carrying a wand of paralysis.
Unknown command.
Aiming: Searing Ray (safe; 2% risk of failure)
Press: ? - help, Q - select action Shift-Dir - straight line, f - Ijyb
Aim: Ijyb, wielding a +0 dagger of distortion, wearing a +0 leather armour and carrying a wand of paralysis (74% to hit)
The searing ray hits Ijyb!
Ijyb is moderately wounded. (Press . to maintain the ray.)
The searing ray misses Ijyb.
You hit Ijyb but do no damage.
Ijyb is moderately wounded.
Ijyb hits you with a +0 dagger of distortion.
Space warps around you.
Ijyb hits you with a +0 dagger of distortion.
Space warps around you.
You puncture Ijyb!
Ijyb is severely wounded.
Ijyb hits you with a +0 dagger of distortion.
Space warps around you.
You closely miss Ijyb. Your headbutt misses Ijyb.
Ijyb is severely wounded.
Ijyb hits you with a +0 dagger of distortion.
Space warps horribly around you!!
* * * LOW HITPOINT WARNING * * *
You are too injured to fight recklessly!
Okay, then.
Unknown command.
You closely miss Ijyb. You headbutt Ijyb.
Ijyb is almost dead.
Ijyb zaps a wand.
You resist with some effort.
Ijyb hits you with a +0 dagger of distortion.
* * * LOW HITPOINT WARNING * * *
Space warps around you.
You die...

#............†##.......#
##
#...######.....#.#####.#
#...#.....>..###.#
#...#.......)# #.#
#...#........# #.#
#...#.......(# #.#
#...#........###)#
#...######'#.....##.
##### #h.........#
#g######.... .... ...
......# . .........
.......##. .......# .
.......# .


You could see Ijyb.

Vanquished Creatures
  A hound (D:3)
  3 adders (D:2)
  3 dart slugs
  4 endoplasms
  5 giant cockroaches
  7 goblins
  3 hobgoblins (D:2)
  3 kobolds
  3 quokkas
  5 ball pythons
  4 bats
  12 rats
53 creatures vanquished.

Notes
Turn   | Place    | Note
-------+----------+-------------------------------------------
     0 | D:1      | Armakuni the Oni Conjurer began the quest for the Orb.
     0 | D:1      | Reached XP level 1. HP: 16/16 MP: 3/3
   167 | D:1      | Reached XP level 2. HP: 24/24 MP: 3/5
   370 | D:1      | Reached skill level 4 in Conjurations
   683 | D:1      | Reached XP level 3. HP: 26/31 MP: 5/7
  1135 | D:1      | Learned a level 2 spell: Searing Ray
  1330 | D:2      | Found a faded altar of an unknown god.
  1502 | D:2      | Reached XP level 4. HP: 39/39 MP: 5/9
  1951 | D:3      | Reached skill level 5 in Conjurations
  1951 | D:3      | Reached XP level 5. HP: 42/45 MP: 4/10
  2050 | D:3      | Learned a level 4 spell: Iskenderun's Mystic Blast
  2083 | D:3      | Noticed Ijyb
  2089 | D:3      | HP: 2/45 [Ijyb/+0 dagger of distortion (2)]
  2089 | D:3      | Slain by Ijyb

Illustrated notes

Levels and vault maps discovered:
D:1:      psy_arrival_fountain, layout_basic, st_stairs_4, chequers_avenue,
          minmay_rat_gold_closets
D:2:      layout_rooms, shapermc_ecumenical_altar_starsandcircs,
          minmay_randomly_rotated_circles
D:3:      layout_basic, uniq_sigmund, uniq_ijyb

Skill      XL: |  1  2  3  4 |
---------------+-------------+-----
Conjurations   | 4 5 |  5.0
Spellcasting   | 3 |  3.8
Dodging        | |  1.7
Stealth        | |  1.4

Action                     |  1- 3 |  4- 6 || total
---------------------------+-------+-------++-------
  Melee: Trident           |       |     4 ||     4
         Headbutt          |       |     1 ||     1
   Fire: Sling             |   119 |    39 ||   158
   Cast: Magic Dart        |    13 |       ||    13
         Searing Ray       |     6 |     6 ||    12
    Use: Scroll            |     4 |     4 ||     8
 Armour: Robe              |    55 |    23 ||    78
  Dodge: Dodged            |    46 |    16 ||    62
   Form: Beast             |       |     1 ||     1

Table legend: (Time is in decaauts)
 A = Elapsed time spent in this place.
 B = Non-inter-level travel time spent in this place.
 C = Inter-level travel time spent in this place.
 D = Time resting spent in this place.
 E = Time spent auto-exploring this place.
 F = Levels seen in this place.
 G = Mean time per level.
                   A        B        C        D        E       F      G
               +--------+--------+--------+--------+--------+-----+--------+
         Total |   2151 |   2078 |     73 |    387 |   1147 |   3 |  717.0 |
       Dungeon |   2151 |   2078 |     73 |    387 |   1147 |   3 |  717.0 |
               +--------+--------+--------+--------+--------+-----+--------+

Top non-repeatable levels by time:
     D:1: 1236 daAuts
     D:2: 745 daAuts
     D:3: 169 daAuts
